 Dungeon Crawl Stone Soup version 0.24-a0-769-g368c1644f8 (webtiles) character file.

Game seed: 2396672821352524508, levelgen mode: deterministic

1610 DevastatorOne the Cleaver (level 8, 0/62 HPs)
             Began as a Demonspawn Fighter on Oct 5, 2019.
             Was a Follower of Uskayaw.
             Shot with an arrow by a centaur (9 damage)
             ... on level 6 of the Dungeon.
             The game lasted 00:08:55 (4403 turns).

DevastatorOne the Cleaver (Demonspawn Fighter)      Turns: 4403, Time: 00:08:56

Health: 0/62       AC:  5    Str: 18    XL:     8   Next: 63%
Magic:  0/12       EV:  7    Int: 10    God:    Uskayaw [*.....]
Gold:   328        SH:  8    Dex: 13    Spells: 7/7 levels left

rFire    + . .     SeeInvis .   a - +1 war axe (elec)
rCold    . . .     Gourm    .   c - +0 shield
rNeg     . . .     Faith    .   o - +0 ring mail
rPois    .         Spirit   +   (no helmet)
rElec    .         Reflect  .   g - scarf {Spirit}
rCorr    .         Harm     .   (no gloves)
MR       .....                  (boots unavailable)
Stlth    +.........             C - amulet of regeneration
HPRegen  0.60/turn              (no ring)
MPRegen  0.13/turn              A - ring of protection from fire

@: drained
A: talons 3, demonic guardian 2, powered by death 1
a: Stomp, Renounce Religion


You were on level 6 of the Dungeon.
You worshipped Uskayaw.
Uskayaw was noncommittal.
You were not hungry.

You visited 2 branches of the dungeon, and saw 7 of its levels.
You also visited: Sewer.

You collected 328 gold pieces.

Inventory:

Hand Weapons
 a - a +1 war axe of electrocution (weapon)
 z - a +0 war axe
 E - a +0 morningstar
Missiles
 l - 7 curare-tipped darts (quivered)
Armour
 b - a +0 scale mail
 c - a +0 shield (worn)
 g - a scarf of spirit shield (worn)
 o - a +0 ring mail (worn)
Jewellery
 A - a ring of protection from fire (right hand)
 C - an amulet of regeneration (around neck)
Scrolls
 e - 2 scrolls of magic mapping {unknown}
 h - a scroll of blinking {unknown}
 i - 2 scrolls of teleportation
 j - 3 scrolls of remove curse
 w - 2 scrolls of enchant armour {unknown}
 x - 2 scrolls of fog {unknown}
 y - a scroll of enchant weapon {unknown}
 B - a scroll of noise {unknown}
Potions
 d - a potion of might
 k - a potion of resistance
 n - a potion of lignification
 q - 2 potions of degeneration {unknown}
 r - 4 potions of curing
 s - a potion of flight
 t - 2 potions of heal wounds {unknown}
 u - a potion of invisibility {unknown}
 v - 2 potions of agility {unknown}
 F - 2 potions of haste {unknown}
Comestibles
 f - 10 rations
 D - 4 chunks of flesh


   Skills:
 - Level 5.0(4.2) Fighting
 * Level 8.6(7.7) Axes
 - Level 2.6(1.9) Armour
 - Level 2.6(1.9) Shields
 + Level 5.5(4.7) Invocations


You had 7 spell levels left.
You didn't know any spells.
Your spell library was empty.

Dungeon Overview and Level Annotations

Branches:
Dungeon (6/15)             Temple (1/1) D:4           Sewer (visited)

Altars:
Ashenzari
Cheibriados
Dithmenos
Elyvilon
Fedhas
Gozag
Hepliaklqana
Kikubaaqudgha
Okawaru
Qazlal
Ru
Sif Muna
Trog
Uskayaw
Vehumet
Wu Jian
Yredelemnul
The Shining One

Shops:
D:4 %*?   D:5 :


Innate Abilities, Weirdness & Mutations

You have claws for feet.
A demonic guardian rushes to your aid.
You regenerate a little health from kills.


Message History

The wight is destroyed!
You start resting.
Something hits your soul eater but does no damage.
What are your orders? t - Shout!
Orders for allies: a - Attack new target. r - Retreat! s - Stop attacking. g - Guard the area. f - Follow me.
Anything else - Cancel.
Gang up on whom?
Press: ? - help, Dir - move target cursor, f - centaur
Aim: a centaur Attack!
The centaur wields a +0 shortbow.
The centaur shoots an arrow.
The arrow hits you!
* * * LOW HITPOINT WARNING * * *
Your soul eater hits the centaur.
Your soul eater disappears in a puff of smoke!
You can no longer pass through a line of other dancers.
The centaur shoots an arrow.
The arrow hits you!
You die...

#.......#
#.......#
#.......#
###§......#
#zz.§.....#
......)#c......#
......3#.).(...#
.......#####.4##
....... ##@#
.z..c.. #.#
.z...... #.#
.z.z.... #.#
...... #.# ......
#.# ...... ###.#
>.....######...#
..........##.#.##


You could see a centaur, 2 wights and a friendly orange demon.

Vanquished Creatures
  4 humans (D:6)
  Purgy (Sewer)
  A sky beast (D:5)
  An ogre (D:6)
  A bullfrog (D:6)
  3 wights (D:6)
  A crimson imp (D:5)
  Crazy Yiuf (D:5)
  4 hounds
  2 orc priests
  4 orc wizards
  2 worker ants (D:5)
  A worker ant zombie (D:5)
  A river rat (D:3)
  4 adders
  3 shadow imps (D:5)
  2 oozes
  An adder skeleton (D:4)
  4 worms
  A dart slug (D:1)
  4 leopard geckos
  6 orcs
  4 giant cockroaches
  2 goblins (D:1)
  7 hobgoblins
  3 jackals
  A quokka (D:3)
  7 bats
  3 frilled lizards
  6 kobolds
  A quokka zombie (D:5)
  5 rats
91 creatures vanquished.

Vanquished Creatures (collateral kills)
  A howler monkey (D:4)
  2 wights (D:6)
  A leopard gecko (D:4)
  An orc (D:4)
  A quokka (D:6)
6 creatures vanquished.

Grand Total: 97 creatures vanquished

Notes
Turn   | Place    | Note
-------+----------+-------------------------------------------
     0 | D:1      | DevastatorOne the Demonspawn Fighter began the quest for
                  | the Orb.
     0 | D:1      | Reached XP level 1. HP: 18/18 MP: 1/1
     6 | D:1      | Reached skill level 2 in Axes
   187 | D:1      | Gained mutation: You have sharp toenails. [demonic
                  | ancestry]
   187 | D:1      | Reached XP level 2. HP: 22/24 MP: 2/2
   423 | D:1      | You fall into a shaft and drop 1 floor!
   430 | D:2      | Reached skill level 3 in Axes
   714 | D:2      | Gained mutation: You have razor-sharp toenails. [demonic
                  | ancestry]
   714 | D:2      | Reached XP level 3. HP: 26/29 MP: 3/3
   854 | D:2      | Found a white marble altar of Elyvilon.
  1495 | D:3      | Reached skill level 4 in Axes
  1495 | D:3      | Gained mutation: You regenerate a little health from kills.
                  | [demonic ancestry]
  1495 | D:3      | Reached XP level 4. HP: 35/35 MP: 4/4
  1733 | D:3      | Found a glowing drain.
  1768 | Sewer    | Entered a sewer
  1828 | Sewer    | Noticed Purgy
  1832 | Sewer    | Killed Purgy
  1832 | Sewer    | Reached skill level 5 in Axes
  1832 | Sewer    | Gained mutation: A weak demonic guardian rushes to your
                  | aid. [demonic ancestry]
  1832 | Sewer    | Reached XP level 5. HP: 34/41 MP: 5/5
  2661 | D:4      | Found Ukliext's Magic Scroll Boutique.
  2709 | D:4      | Gained mutation: You have claws for feet. [demonic
                  | ancestry]
  2709 | D:4      | Reached XP level 6. HP: 31/47 MP: 6/6
  2716 | D:4      | Reached skill level 6 in Axes
  3024 | D:4      | Found Zuchoss's General Store.
  3073 | D:4      | Found a staircase to the Ecumenical Temple.
  3122 | Temple   | Entered the Ecumenical Temple
  3304 | Temple   | Became a worshipper of Uskayaw the Reveler
  3348 | D:4      | Found Wotoxibats's Food Shoppe.
  3497 | D:5      | Entered Level 5 of the Dungeon
  3514 | D:5      | Noticed a sky beast
  3515 | D:5      | Reached * piety under Uskayaw
  3519 | D:5      | Reached ** piety under Uskayaw
  3521 | D:5      | Killed a sky beast
  3521 | D:5      | Reached skill level 1 in Invocations
  3521 | D:5      | Reached *** piety under Uskayaw
  3536 | D:5      | Reached XP level 7. HP: 52/52 MP: 8/8
  3544 | D:5      | Reached **** piety under Uskayaw
  3675 | D:5      | Found a blossoming altar of Fedhas.
  3796 | D:5      | Reached skill level 7 in Axes
  3828 | D:5      | Found Peod's Book Emporium.
  4230 | D:5      | Found a runed translucent door.
  4231 | D:5      | Noticed Crazy Yiuf
  4238 | D:5      | Killed Crazy Yiuf
  4305 | D:6      | Noticed a human
  4305 | D:6      | Noticed a human
  4305 | D:6      | Noticed a human
  4311 | D:6      | Killed a human
  4315 | D:6      | Gained mutation: A demonic guardian rushes to your aid.
                  | [demonic ancestry]
  4315 | D:6      | Reached XP level 8. HP: 34/61 MP: 4/11
  4322 | D:6      | Reached ***** piety under Uskayaw
  4323 | D:6      | Reached skill level 8 in Axes
  4328 | D:6      | Reached skill level 5 in Fighting
  4328 | D:6      | Reached skill level 5 in Invocations
  4403 | D:6      | Shot with an arrow by a centaur

Levels and vault maps discovered:
D:1:      minmay_arrival_five_plusses, layout_rooms
D:2:      layout_basic, lemuel_crystal_altar, first_ration
D:3:      layout_loops_corners, cheibrodos_sewer_entry_sluice
D:4:      layout_gridville, minmay_temple_entry_junction, serial_shops, shop,
          nicolae_shop_waterfront, shop
D:5:      minmay_opposing_rooms, layout_basic, fedhas_altar_2, serial_shops,
          nicolae_shop_waterfront, uniq_crazy_yiuf_cottage
D:6:      layout_rooms, nemelex_xobeh_ov_fountains_minmay, serial_shops, shop,
          grunt_decor_arrowhead, minmay_ruffians, uniq_sigmund
Temple:   eino_temple_scatter_basement

Skill      XL: |  1  2  3  4  5  6  7  8 |
---------------+-------------------------+-----
Axes           | 2 3 4 5 6 7 8 |  8.6
Invocations    | 1 4 5 |  5.5
Fighting       | 4 5 |  5.0
Armour         | |  2.6
Shields        | |  2.6

Action                   |  1- 3 |  4- 6 |  7- 9 || total
-------------------------+-------+-------+-------++-------
Melee: War axe           |   106 |    80 |    84 ||   270
       Kick              |    16 |    17 |    18 ||    51
  Use: Potion            |       |     1 |       ||     1
       Scroll            |       |       |     6 ||     6
 Stab: Distracted        |       |     2 |       ||     2
       Paralysed         |       |       |     7 ||     7
  Eat: Chunk             |     2 |     2 |     4 ||     8
       Ration            |       |     1 |       ||     1
Armor: Scale mail        |    48 |       |       ||    48
       Ring mail         |     7 |    25 |    14 ||    46
Dodge: Dodged            |    27 |    20 |    17 ||    64
Block: Shield            |    51 |    32 |    31 ||   114

Table legend:
 A = Non-vault XP
 B = Vault XP
 C = Vault XP percentage of total XP
 D = Non-vault monster count
 E = Vault monster count
 F = Vault count percentage of total count
                 A         B        C        D         E       F
            +---------+---------+-------+---------+---------+-------
      Total |    1095 |    1205 |  52.4 |      76 |      21 |  21.6
            +---------+---------+-------+---------+---------+-------
        D:1 |      32 |       0 |   0.0 |      16 |       0 |   0.0
        D:2 |      52 |       0 |   0.0 |      18 |       0 |   0.0
        D:3 |      31 |      19 |  38.0 |       9 |       2 |  18.2
        D:4 |     263 |       0 |   0.0 |      13 |       0 |   0.0
        D:5 |     307 |     259 |  45.8 |      12 |       9 |  42.9
        D:6 |     410 |     777 |  65.5 |       8 |       4 |  33.3
      Sewer |       0 |     150 | 100.0 |       0 |       6 | 100.0
            +---------+---------+-------+---------+---------+-------
